 Dungeon Sprint DCSS version 0.31-a0-750-gfe7b580527 (webtiles) character file.

Game seed: 16479891343085406594

298 Monkooky the Mimic (level 8, 0/74 HPs)
             Began as an Octopode Shapeshifter on Sept 15, 2023.
             Was a High Priest of Wu Jian.
             Slain by a five-headed hydra (10 damage)
             ... in the Dungeon (Sprint VI: "Thunderdome").
             The game lasted 00:06:09 (642 turns).

Monkooky the Mimic (Octopode Shapeshifter)           Turns: 642, Time: 00:06:10

Health: 0/74       AC:  9    Str: 24    XL:     8   Next: 40%
Magic:  8/8        EV: 13    Int: 20    God:    Wu Jian [*****.]
Gold:   5          SH:  0    Dex: 17    Spells: 7/7 levels left

rFire   + .          .
                       - Unarmed
rCold   + + +        (shield currently unavailable)
rNeg    + . .        (helmet currently unavailable)
rPois   +            s - amulet of Cecy {Acrobat rElec Str+4}
rElec   +            q - ring "Erphipurr" {rN+ Int+3 Dex+6}
rCorr   +            o - ring "Fofuny" {Wiz rC++}
SInv    .            r - ring of Omy Nups {rC+ rCorr}
Will    .....        u - ring of the Real Monster {rCorr Int+4}
Stlth   ++           (no ring)
HPRegen 0.32/turn    (no ring)
MPRegen 0.11/turn    (no ring)
                     (no ring)

%: no teleportation, acrobat, wizardry (x1)
@: exhausted, snake-form, resistant, hasted, very quick
A: constrict, boosted hp, almost no armour, amphibious, 8 rings, large,
(camouflage 1), (gelatinous body 1), (nimble swimmer 1), (tentacles)
a: Begin Untransformation, Renounce Religion, Wall Jump, Serpent's Lash,
Heavenly Storm


You were in the Dungeon.
You worshipped Wu Jian.
Wu Jian was extremely pleased with you.
You were an enormous anaconda.
You visited 1 branch You collected 600 gold pieces.
You spent 595 gold pieces at shops.

Inventory:

Jewellery
 n - the ring of Liuref {Fire Contam +Blink Will- Str+4}
   (You bought it in a shop in the Dungeon)

   [ring of fire]

   Fire:      It enhances your fire magic.
   Str+4:     It affects your strength (+4).
   rF+:       It protects you from fire.
   rC-:       It makes you vulnerable to cold.
   Will-:     It decreases your willpower.
   +Blink:    It lets you blink.
   Contam:    It causes magical contamination when unequipped.
 o - the ring "Fofuny" (right tentacle) {Wiz rC++}
   (You bought it in a shop in the Dungeon)

   [ring of wizardry]

   Wiz:       It improves your spell success rate.
   rC++:      It greatly protects you from cold.
 p - the ring of Elou {Wiz *Slow rF++ Int+2 Dex+2}
   (You bought it in a shop in the Dungeon)

   [ring of wizardry]

   Wiz:       It improves your spell success rate.
   Int+2:     It affects your intelligence (+2).
   Dex+2:     It affects your dexterity (+2).
   rF++:      It greatly protects you from fire.
   *Slow:     It may slow you when you take damage.
 q - the ring "Erphipurr" (left tentacle) {rN+ Int+3 Dex+6}
   (You bought it in a shop in the Dungeon)

   [ring of dexterity]

   Int+3:     It affects your intelligence (+3).
   Dex+6:     It affects your dexterity (+6).
   rN+:       It protects you from negative energy.
 r - the ring of Omy Nups (on tentacle) {rC+ rCorr}
   (You bought it in a shop in the Dungeon)

   [ring of protection from cold]

   rC+:       It protects you from cold.
   rCorr:     It protects you from acid and corrosion.
 s - the amulet of Cecy (around neck) {Acrobat rElec Str+4}
   (You bought it in a shop in the Dungeon)

   [amulet of the acrobat]

   Acrobat:   It increases your evasion while moving and waiting.
   Str+4:     It affects your strength (+4).
   rElec:     It insulates you from electricity.
 u - the ring of the Real Monster (on tentacle) {rCorr Int+4}
   (You bought it in a shop in the Dungeon)

   [ring of resist corrosion]

   Int+4:     It affects your intelligence (+4).
   rCorr:     It protects you from acid and corrosion.
Talismans
 b - a beast talisman
 c - a flux talisman
 t - a serpent talisman (active)
Wands
 j - a wand of iceblast (1)
 k - a wand of quicksilver (5)
Scrolls
 i - 3 scrolls of blinking
 l - 3 scrolls of fog
Potions
 a - a potion of lignification
 e - a potion of heal wounds
 f - 3 potions of haste
 g - 2 potions of magic
 h - a potion of berserk rage


   Skills:
 + Level 8.3 Fighting
 + Level 7.4 Dodging
 + Level 9.8 Unarmed Combat
 - Level 4.1 Evocations
 - Level 10.1 Shapeshifting


You had 7 spell levels left.
You didn't know any spells.
Your spell library was empty.

Dungeon Overview and Level Annotations

Branches:
Dungeon (1/1)

Altars:
Cheibriados
Dithmenos
Fedhas
Gozag
Kikubaaqudgha
Makhleb
Okawaru
Qazlal
Ru
Sif Muna
Trog
Uskayaw
Vehumet
Wu Jian
Xom
Yredelemnul
Zin
The Shining One
Lugonu

Shops:
D *[=??*?*:[((!!!!


Innate Abilities, Weirdness & Mutations

You are an enormous anaconda.
You have a powerful constriction melee attack.
Your maximum health is increased.
Your armour is entirely melded.
You are incapable of wielding weapons or throwing items.
You cannot wear most types of armour.
You are amphibious.
You can wear up to eight rings at the same time.
((Your skin changes colour to match your surroundings (Stealth+).))
((Your rubbery body absorbs attacks. (AC +1, EV +1)))
((You are camouflaged when in or above water. (Stealth+)))
((You have tentacles for arms and can constrict up to eight enemies at once.))


Message History

You are splashed with acid.
You resist.
Something barely misses the goliath frog.
The goliath frog closely misses you. The goliath frog hits you from afar!
* * * LOW HITPOINT WARNING * * *
You are splashed with acid.
You resist.
* * * LOW HITPOINT WARNING * * *
Unknown command.
Unknown command.
Unknown command.
Unknown command.
Okay, then.
Press: ? - help, v - describe, . - travel
Here: a goliath frog The floor, spattered with blood.
Your muscles tense, ready for explosive movement...
Your supernatural speed expires.
Okay, then.
You feel much better.
Blink to where?
Press: ? - help, Dir - move target
As you read the scroll of blinking, it crumbles to dust.
You feel much better.
You feel much better.
A five-headed hydra comes into view.
The five-headed hydra roars!
You are no longer corroded.
There is a roughly hewn altar of Beogh here.
You lash the five-headed hydra!
The five-headed hydra is lightly wounded.
The five-headed hydra bites you. x2
The five-headed hydra bites you but does no damage.
The five-headed hydra bites you. The five-headed hydra bites you!
Unknown command.
Press < or > to pray at altars.
You feel yourself speed up. The five-headed hydra bites you! x2
The five-headed hydra barely misses you.
The five-headed hydra bites you!
* * * LOW HITPOINT WARNING * * *
The five-headed hydra bites you!
You die...

##☼§§_......###......_
###∩........8.# #F8.....
##.............###F.F....
#⌠...÷......###...###....
#⌠..........# #.<.# #F...
#⌠..........###...###....
##.............###.......
###∩....D...8.# #.8.....
##∩_.S...F..###.....[_
######.8..F......8.##
#⌠...........⌠#
###.........###
#_......._# #_......._#
#_......._# #∩.......∩#
##∩.....∩##


You could see a five-headed hydra and 2 goliath frogs.

Vanquished Creatures
  Joseph (D)
  A yak (D)
  Eustachio (D)
  A sky beast (D)
  2 necrophages (D)
  6 vampire bats (D)
  A crimson imp (D)
  A quasit (D)
  An orc wizard (D)
  An adder (D)
  A shadow imp (D)
  2 white imps (D)
  An adder skeleton (D)
  An orc (D)
  A ball python zombie (D)
  2 quokka skeletons (D)
24 creatures vanquished.

Notes
Turn   | Place    | Note
-------+----------+-------------------------------------------
     0 | D        | Monkooky the Octopode Shapeshifter began the quest for the
                  | Orb.
     0 | D        | Reached XP level 1. HP: 13/13 MP: 1/1
     1 | D        | Found a blossoming altar of Fedhas.
     2 | D        | Found a bloodstained altar of Trog.
     2 | D        | Found a basalt altar of Yredelemnul.
     3 | D        | Found a stormy altar of Qazlal.
     3 | D        | Found an ornate altar of the Wu Jian Council.
     4 | D        | Found Fodghuh's Timeless Talismans.
     4 | D        | Found Varidugg's Identification Station.
     5 | D        | Found Qugi's Jewellery.
     5 | D        | Found Cuisepsy's Advanced Armour.
     5 | D        | Round 1.
    20 | D        | Became a worshipper of the Wu Jian Council
    22 | D        | Found a glowing golden altar of the Shining One.
    30 | D        | Reached XP level 2. HP: 13/18 MP: 2/2
    30 | D        | Found an iron altar of Okawaru.
    30 | D        | Found a shadowy altar of Dithmenos.
    30 | D        | Found Oryuck's Premium Goods.
    30 | D        | Found Jegicon's Miscellaneous Merchandise.
    31 | D        | Found Citses's Basic Armour.
    32 | D        | Found a shimmering altar of Xom.
    32 | D        | Found a sacrificial altar of Ru.
    32 | D        | Found a glowing silver altar of Zin.
    32 | D        | Found Fywum's Weapon Rack.
    36 | D        | Noticed Eustachio
    42 | D        | Reached * piety under Wu Jian
    43 | D        | Reached skill level 5 in Shapeshifting
    43 | D        | Reached XP level 3. HP: 20/23 MP: 3/3
    49 | D        | Found an ancient bone altar of Kikubaaqudgha.
    52 | D        | Found a radiant altar of Vehumet.
    52 | D        | Found a shimmering blue altar of Sif Muna.
    52 | D        | Found Buukue's Do-It-Yourself Clinic.
    52 | D        | Found Fofim's Bottled Wisdom.
    53 | D        | Found Plog's Distillery.
    60 | D        | Killed Eustachio
    61 | D        | Reached skill level 10 in Shapeshifting
    61 | D        | Reached XP level 4. HP: 20/28 MP: 4/4
    61 | D        | Reached XP level 5. HP: 24/33 MP: 5/5
    62 | D        | Found a hide-covered altar of Uskayaw.
    62 | D        | Found a corrupted altar of Lugonu.
    62 | D        | Found a burning altar of Makhleb.
    62 | D        | Found Tiaqabru's Distillery.
    81 | D        | Bought a glittering wooden ring for 45 gold pieces
    81 | D        | Identified the ring of Liuref {Fire Contam +Blink Will-
                  | Str+4} (You bought it in a shop in the Dungeon)
    81 | D        | Bought a flickering lead ring for 45 gold pieces
    81 | D        | Identified the ring "Fofuny" {Wiz rC++} (You bought it in a
                  | shop in the Dungeon)
    81 | D        | Bought a heavily runed bone ring for 45 gold pieces
    81 | D        | Identified the ring of Elou {Wiz *Slow rF++ Int+2 Dex+2}
                  | (You bought it in a shop in the Dungeon)
    81 | D        | Bought a crude lapis lazuli ring for 45 gold pieces
    81 | D        | Identified the ring "Erphipurr" {rN+ Int+3 Dex+6} (You
                  | bought it in a shop in the Dungeon)
   112 | D        | Found a snail-covered altar of Cheibriados.
   119 | D        | Reached ** piety under Wu Jian
   119 | D        | Arena points: 12 (+12) [x2]
   130 | D        | Found an opulent altar of Gozag.
   131 | D        | Found Doazxoic's Magic Scroll Shop.
   131 | D        | Found Sexoacob's Staff Store.
   132 | D        | Found Hakyps's Magic Scroll Shop.
   132 | D        | Found Zunnutim's Must-Have Magic.
   177 | D        | Round 2.
   191 | D        | Reached skill level 5 in Unarmed Combat
   191 | D        | Reached XP level 6. HP: 27/42 MP: 6/6
   244 | D        | Reached *** piety under Wu Jian
   297 | D        | Arena points: 54 (+42) [x3]
   300 | D        | Bought a pitted steel ring for 45 gold pieces
   300 | D        | Identified the ring of Omy Nups {rC+ rCorr} (You bought it
                  | in a shop in the Dungeon)
   300 | D        | Bought a scorched diamond amulet for 45 gold pieces
   300 | D        | Identified the amulet of Cecy {Acrobat rElec Str+4} (You
                  | bought it in a shop in the Dungeon)
   367 | D        | Round 3.
   402 | D        | Reached **** piety under Wu Jian
   403 | D        | Reached skill level 5 in Fighting
   411 | D        | Reached XP level 7. HP: 50/50 MP: 7/7
   459 | D        | Arena points: 138 (+84) [x4]
   516 | D        | Round 4.
   516 | D        | Noticed a yak
   516 | D        | Noticed Joseph
   518 | D        | Reached ***** piety under Wu Jian
   519 | D        | Reached skill level 5 in Dodging
   523 | D        | Killed a yak
   527 | D        | Killed Joseph
   528 | D        | Reached XP level 8. HP: 31/61 MP: 8/8
   529 | D        | Arena points: 298 (+160) [x5]
   542 | D        | Bought a serpent talisman for 280 gold pieces
   548 | D        | Bought a transparent lapis lazuli ring for 45 gold pieces
   548 | D        | Identified the ring of the Real Monster {rCorr Int+4} (You
                  | bought it in a shop in the Dungeon)
   592 | D        | Round 5.
   607 | D        | Noticed a witch
   621 | D        | Noticed a goliath frog
   625 | D        | Noticed a goliath frog
   634 | D        | Noticed a five-headed hydra
   642 | D        | Slain by a five-headed hydra

Illustrated notes

Levels and vault maps discovered:
D:        arena_sprint

Skill      XL: |  1  2  3  4  5  6  7 |
---------------+----------------------+-----
Evocations     | 4 |  4.1
Shapeshifting  | 5 10 | 10.1
Fighting       | 3 5 8 |  8.3
Unarmed Combat | 5 7 9 |  9.8
Dodging        | 4 7 |  7.4

Action                     |  1- 3 |  4- 6 |  7- 9 || total
---------------------------+-------+-------+-------++-------
  Melee: Unarmed           |     6 |    27 |    29 ||    62
         Tentacles         |     2 |     4 |     4 ||    10
         Constrict         |     1 |     7 |     5 ||    13
         Punch             |       |     1 |       ||     1
 Invoke: Heavenly Storm    |       |       |     1 ||     1
         Serpent's Lash    |       |       |     1 ||     1
Ability: Lunge             |     1 |     4 |     4 ||     9
         Whirlwind         |       |       |     8 ||     8
  Evoke: Wand              |     3 |       |     1 ||     4
    Use: Potion            |       |       |     6 ||     6
         Scroll            |       |       |     1 ||     1
   Stab: Distracted        |       |     1 |       ||     1
 Armour: Skin              |     1 |     5 |    22 ||    28
  Dodge: Dodged            |     6 |    13 |    18 ||    37
   Form: Flux              |       |       |     1 ||     1
         Anaconda          |       |       |     1 ||     1

Table legend: (Time is in decaauts)
 A = Elapsed time spent in this place.
 B = Non-inter-level travel time spent in this place.
 C = Inter-level travel time spent in this place.
 D = Time resting spent in this place.
 E = Time spent auto-exploring this place.
 F = Levels seen in this place.
 G = Mean time per level.
                   A        B        C        D        E       F      G
               +--------+--------+--------+--------+--------+-----+--------+
         Total |    634 |    634 |      0 |    205 |     26 |   1 |  634.0 |
       Dungeon |    634 |    634 |      0 |    205 |     26 |   1 |  634.0 |
               +--------+--------+--------+--------+--------+-----+--------+

Top non-repeatable levels by time:
       D: 634 daAuts
